 Dungeon Crawl Stone Soup version 0.29-a0-322-g68df515428 (webtiles) character file.

Game seed: 1986029809715496565

564 avis the Ruffian (level 7, -1/64 HPs)
             Began as a Hill Orc Monk on Apr 9, 2022.
             Was a Believer of Beogh.
             Slain by a troll (12 damage)
             ... on level 4 of the Dungeon.
             The game lasted 00:19:43 (5808 turns).

avis the Ruffian (Hill Orc Monk)                    Turns: 5808, Time: 00:19:44

Health: -1/64      AC: 10    Str: 16    XL:     7   Next: 32%
Magic:  5/7        EV: 12    Int: 12    God:    Beogh [**....]
Gold:   251        SH:  0    Dex: 13    Spells: 6/6 levels left

rFire   . . .      SeeInvis +     - Unarmed
rCold   + . .      Faith    .   (no shield)
rNeg    + + .      Spirit   .   I - +4 leather armour of the Fuzzy God {Fly rN++ Int+2}
rPois   .          Reflect  .   f - +1 hat {SInv}
rElec   .          Harm     .   j - +0 cloak
rCorr   .          Rampage  .   (no gloves)
Will    .....                   z - +0 pair of boots
Stlth   ++........              (no amulet)
HPRegen 0.20/turn               y - ring of protection from cold
MPRegen 0.10/turn               (no ring)

@: flying
A: no striking features
a: Renounce Religion, Smiting


You were on level 4 of the Dungeon.
You worshipped Beogh.
Beogh was pleased with you.
You visited 1 branch of the dungeon, and saw 5 of its levels.

You collected 251 gold pieces.

Inventory:

Hand Weapons
 b - a +0 hand crossbow
 h - a +1 short sword of freezing
 u - a +0 spear
 w - a +0 hunting sling
 A - a +0 dagger of draining
 B - a +0 trident
Missiles
 c - 5 poisoned darts (quivered)
 e - 236 stones
Armour
 a - a +0 robe
 f - a +1 hat of see invisible (worn)
 j - a +0 cloak (worn)
 o - a +0 chain mail
 v - a +0 chain mail
 z - a +0 pair of boots (worn)
 C - a +0 chain mail
 I - the +4 leather armour of the Fuzzy God (worn) {Fly rN++ Int+2}
   (You found it on level 5 of the Dungeon)

   Int:       It affects your intelligence (+2).
   rN:        It greatly protects you from negative energy.
   Fly:       It grants you flight.
Magical Staves
 p - a staff of conjuration
Jewellery
 g - a ring of ice
 y - a ring of protection from cold (left hand)
Wands
 r - a wand of mindburst (2)
Scrolls
 i - 2 scrolls of amnesia {unknown}
 m - a scroll of fear {unknown}
 x - 2 scrolls of teleportation {unknown}
 F - a scroll of identify {unknown}
 H - a scroll of blinking {unknown}
Potions
 d - a potion of haste {unknown}
 k - a potion of brilliance {unknown}
 l - 2 potions of degeneration {unknown}
 n - 2 potions of attraction {unknown}
 q - 2 potions of flight {unknown}
 s - a potion of heal wounds {unknown}
 t - a potion of magic {unknown}
 D - a potion of mutation {unknown}
 E - a potion of curing
 G - a potion of ambrosia


   Skills:
 + Level 6.3 Fighting
 - Level 2.4 Dodging
 - Level 1.5 Stealth
 * Level 7.6 Unarmed Combat


You had 6 spell levels left.
You didn't know any spells.
Your spell library contained the following spells:

 Spells                   Type           Power      Damage    Failure   Level
 Static Discharge         Conj/Air       0%         N/A       52%         2
 Lightning Bolt           Conj/Air       0%         1d11      100%        5
 Maxwell's Capacitive Co  Air            0%         ∞         100%        8


Dungeon Overview and Level Annotations

Branches:
Dungeon (5/15)
 Temple: D:4-7

Altars:
Ashenzari
Cheibriados
Dithmenos
Fedhas
Hepliaklqana
Kikubaaqudgha
Qazlal
Trog
Wu Jian

Annotations:
D:3 1 runed translucent door, BimmyJewtron's ghost, amateur MiFi


Message History

The white imp gestures at you. The puff of frost misses you.
You closely miss the troll. The troll barely misses you.
The troll claws you but does no damage. x2
You punch the troll!
The troll is lightly wounded.
The troll bites you but does no damage. The troll claws you.
The troll closely misses you. The white imp barely misses you.
Aiming: Smiting
Press: ? - help, Dir - move target, f - troll Smite: a troll (lightly wounded)
You smite the troll!
The troll is moderately wounded.
The white imp gestures at you.
The puff of frost hits you but does no damage.
You resist. The troll bites you. The troll misses you.
The troll barely misses you.
You closely miss the troll.
The troll is moderately wounded.
The troll bites you. The troll claws you but does no damage.
The troll claws you. The white imp gestures at you.
The puff of frost hits you but does no damage.
The troll completely misses you. The troll barely misses you.
The troll closely misses you. The white imp barely misses you.
You fly upwards.
There is a stone staircase leading down here.
The white imp laughs crazily.
The white imp gestures at you. The puff of frost hits you. You resist.
The white imp attacks as you move away! The white imp misses you.
The white imp attacks as you move away!
The white imp hits you but does no damage.
The troll attacks as you move away! The troll barely misses you.
The troll claws you.
* * * LOW HITPOINT WARNING * * *
The troll claws you!
* * * LOW HITPOINT WARNING * * *
The troll attacks as you move away! The troll bites you!
You die...

...####...##
##.###..###....# ...#
###.####..<##...#...###
...## ###.#....##..###.####
....###.....#####.## ##.#
.##.........# #.# ####
.#..###.....## #.# #.#
....# #......####.# #.##
###.###...........#######.#
##..#........#.@........##
##......##...##T#..#######
......###.....5[....###.##
..##...##.§≈≈≈≈≈≈§≈[#..#.#
..##....>.§..§§§..≈.....##
..........≈.≈§≈§≈.≈......##
##...####.≈.≈§§_≈.≈.......#
##..# #.≈.≈§§§≈.≈.......##
#
#..####...≈.....§........#


You could see a troll and a white imp.

Vanquished Creatures
  A scorpion (D:5)
  2 howler monkeys (D:4)
  2 hounds
  An orc priest (D:4)
  Jessica (D:2)
  Natasha (twice) (D:2)
  2 orc wizards (D:4)
  8 gnolls (D:2)
  3 adders
  2 shadow imps
  3 worms
  A dart slug (D:1)
  9 orcs
  2 ball pythons
  10 bats
  5 endoplasms
  6 giant cockroaches
  5 goblins
  8 hobgoblins
  16 quokkas
  2 frilled lizards (D:3)
  7 kobolds
  6 rats
104 creatures vanquished.

Vanquished Creatures (others)
  An orc priest (D:4)
1 creature vanquished.

Grand Total: 105 creatures vanquished

Notes
Turn   | Place    | Note
-------+----------+-------------------------------------------
     0 | D:1      | avis the Hill Orc Monk began the quest for the Orb.
     0 | D:1      | Reached XP level 1. HP: 19/19 MP: 1/1
   244 | D:1      | Found a faded altar of an unknown god.
   261 | D:1      | Reached XP level 2. HP: 22/27 MP: 2/2
   584 | D:1      | Reached skill level 4 in Unarmed Combat
   767 | D:1      | Reached XP level 3. HP: 27/33 MP: 3/3
  1393 | D:2      | Noticed Natasha
  1484 | D:2      | Reached XP level 4. HP: 25/41 MP: 4/4
  1523 | D:2      | HP: 1/41 [gnoll/+0 club (3)]
  1528 | D:2      | Reached skill level 5 in Unarmed Combat
  1859 | D:2      | Killed Natasha
  2008 | D:2      | Reached XP level 5. HP: 47/47 MP: 5/5
  2067 | D:2      | Reached skill level 5 in Fighting
  2401 | D:2      | Noticed Natasha
  2412 | D:2      | Killed Natasha
  2511 | D:2      | Noticed Jessica
  2517 | D:2      | Killed Jessica
  2518 | D:2      | Reached skill level 6 in Unarmed Combat
  2989 | D:3      | Reached XP level 6. HP: 55/56 MP: 6/6
  3465 | D:3      | Found a runed translucent door.
  3466 | D:3      | Noticed BimmyJewtron's ghost (amateur MiFi)
  3467 | D:3      | You fall into a shaft and drop 2 floors!
  3467 | D:5      | Entered Level 5 of the Dungeon
  3752 | D:3      | Found an ancient bone altar of Kikubaaqudgha.
  3759 | D:3      | Found a hazy altar of Hepliaklqana.
  3764 | D:3      | Found a stormy altar of Qazlal.
  3771 | D:3      | Found a blossoming altar of Fedhas.
  3778 | D:3      | Found a snail-covered altar of Cheibriados.
  3785 | D:3      | Found a broken altar of Ashenzari.
  3790 | D:3      | Found an ornate altar of the Wu Jian Council.
  4447 | D:4      | Became a worshipper of Beogh the Brigand
  4447 | D:4      | Reached * piety under Beogh
  4447 | D:4      | Reached ** piety under Beogh
  4457 | D:4      | Reached skill level 7 in Unarmed Combat
  4678 | D:4      | Reached XP level 7. HP: 55/63 MP: 7/7
  4795 | D:4      | Found a bloodstained altar of Trog.
  4797 | D:4      | Found a shadowy altar of Dithmenos.
  5733 | D:5      | Identified the +4 leather armour of the Fuzzy God {Fly rN++
                  | Int+2}
  5772 | D:5      | Noticed a troll
  5808 | D:4      | Slain by a troll

Illustrated notes

Levels and vault maps discovered:
D:1:      mushboom_english_gardens, layout_basic,
          hellmonk_ecumenical_altar_crossroads, minmay_heptomino_o4
D:2:      layout_basic, uniq_jessica, uniq_natasha
D:3:      layout_basic, grunt_temple_overflow_octagram,
          ebering_ghost_reflecting_pool, dk_noncrumbling_4
D:4:      layout_layer_cave, mainiacjoe_overflow_catwalk_spiral,
          minmay_pentomino_pile
D:5:      layout_rooms, okawaru_trees_2, minmay_temple_entry_statues_fountains,
          serial_shops, shop, minmay_manual_moon, uniq_menkaure

Skill      XL: |  1  2  3  4  5  6 |
---------------+-------------------+-----
Fighting       | 4 5 6 |  6.3
Unarmed Combat | 4 5 6 7 |  7.6
Dodging        | |  2.4
Stealth        | |  1.5

Action                   |  1- 3 |  4- 6 |  7- 9 || total
-------------------------+-------+-------+-------++-------
Melee: Unarmed           |   118 |   230 |    33 ||   381
       Punch             |     2 |     9 |     1 ||    12
 Fire: Hand crossbow     |       |       |     9 ||     9
       Hunting sling     |       |       |     2 ||     2
Invok: Convert to Beogh  |       |     1 |       ||     1
       Smiting           |       |       |     1 ||     1
 Stab: Sleeping          |     2 |     3 |       ||     5
Armor: Robe              |    22 |    43 |       ||    65
       Leather armour    |       |       |    10 ||    10
Dodge: Dodged            |    53 |   108 |    36 ||   197

Table legend: (Time is in decaauts)
 A = Elapsed time spent in this place.
 B = Non-inter-level travel time spent in this place.
 C = Inter-level travel time spent in this place.
 D = Time resting spent in this place.
 E = Time spent auto-exploring this place.
 F = Levels seen in this place.
 G = Mean time per level.
                   A        B        C        D        E       F      G
               +--------+--------+--------+--------+--------+-----+--------+
         Total |   5776 |   5425 |    351 |   1099 |   3062 |   5 | 1155.2 |
       Dungeon |   5776 |   5425 |    351 |   1099 |   3062 |   5 | 1155.2 |
               +--------+--------+--------+--------+--------+-----+--------+

Top non-repeatable levels by time:
     D:2: 1737 daAuts
     D:4: 1624 daAuts
     D:1: 1175 daAuts
     D:3: 1162 daAuts
     D:5: 75 daAuts
